 Dungeon Crawl Stone Soup version 0.23.2-1-ga50397a6bc (webtiles) character file.

Game seed: 5611957421424450014

214 Mrkan the Covert (level 5, 0/51 HPs)
             Began as a Naga Assassin on May 25, 2019.
             Succumbed to a scorpion's poison
             ... on level 3 of the Dungeon.
             The game lasted 00:06:17 (2426 turns).

Mrkan the Covert (Naga Assassin)                    Turns: 2426, Time: 00:06:18

Health: 0/51       AC:  3    Str: 18 (19) XL:     5   Next: 92%
Magic:  5/5        EV: 14    Int:  9 (11) God:
Gold:   283        SH:  0    Dex: 16 (18) Spells: 4/4 levels left

rFire    . . .     SeeInvis +   l - +2 dagger (drain)
rCold    . . .     Gourm    .   (no shield)
rNeg     . . .     Faith    .   c - +0 robe
rPois    +         Spirit   .   (no helmet)
rElec    .         Reflect  .   d - +0 cloak
rCorr    .         Harm     .   (no gloves)
MR       .....                  (no barding)
Stlth    +++++.....             (no amulet)
HPRegen  0.17/turn              (no ring)
MPRegen  0.09/turn              (no ring)

@: mighty, agile, lethally poisoned (0 -> -4), hasted, quick
A: large, see invisible, deformed body, poison resistance, slowness 2, slow
metabolism 1, spit poison 1, AC +1
a: Spit Poison


You were on level 3 of the Dungeon.
You were hungry.

You visited 1 branch of the dungeon, and saw 4 of its levels.

You collected 283 gold pieces.

Inventory:

Hand Weapons
 a - a +2 dagger
 b - a +0 blowgun
 l - a +2 dagger of draining (weapon)
Missiles
 e - 8 poisoned needles
 f - 2 curare-tipped needles
 i - a throwing net (quivered)
Armour
 c - a +0 robe (worn)
 d - a +0 cloak (worn)
Scrolls
 h - 4 scrolls of identify {unknown}
 j - 2 scrolls of remove curse {unknown}
 k - 2 scrolls of enchant weapon {unknown}
 m - 3 scrolls of teleportation {unknown}
 n - 2 scrolls of blinking {unknown}
 r - a scroll of enchant armour {unknown}
 t - a scroll of noise {unknown}
 v - a scroll of fog {unknown}
Potions
 p - a potion of degeneration
 q - a potion of haste
 w - a potion of invisibility {unknown}
Comestibles
 g - 7 rations


   Skills:
 + Level 4.3 Fighting
 - Level 2.0 Short Blades
 - Level 1.7 Throwing
 - Level 0.7 Dodging
 + Level 8.6 Stealth


You had 4 spell levels left.
You didn't know any spells.
Your spell library was empty.

Dungeon Overview and Level Annotations

Branches:
Dungeon (4/15)
 Temple: D:4-7

Altars:
Uskayaw


Innate Abilities, Weirdness & Mutations

You cannot wear boots.
Your serpentine skin is tough. (AC +1)
You have supernaturally acute eyesight. (SInv)
Armour fits poorly on your strangely shaped body.
Your system is resistant to poisons. (rPois)
You cover ground very slowly.
You have a slow metabolism.
You can spit poison.


Message History

The scorpion stings you but does no damage.
It was a potion of agility.
You feel agile all of a sudden. The scorpion misses you.
Okay, then.
It was a potion of haste.
You feel yourself speed up.
* * * LOW HITPOINT WARNING * * *
You feel sick. The scorpion completely misses you.
* * * LOW HITPOINT WARNING * * *
You feel sick.
* * * LOW HITPOINT WARNING * * *
You feel sick.
It was a potion of might.
You feel very mighty all of a sudden.
You closely miss the scorpion.
The scorpion is moderately wounded.
The scorpion barely misses you.
You hit the scorpion.
The scorpion is moderately wounded.
You die...

############
#..........#
#..........#
#..........#
#..........#
###..........#
#####..........[.#
######.....#...>......#
#......###..@s........#
###
#.########.############
..###.# ##..#
#.....######..##
##...........##
##..#######...#
............#.##
.#.#..#######..##
................########


You could see a scorpion.

Vanquished Creatures
  An orc wizard (D:3)
  Jessica (D:2)
  4 gnolls (D:3)
  6 adders
  A worm (D:3)
  2 dart slugs (D:2)
  3 leopard geckos
  2 orcs (D:3)
  3 bats
  2 giant cockroaches
  8 goblins (D:1)
  7 hobgoblins
  8 jackals
  4 kobolds
  A ball python (D:2)
  A frilled lizard (D:2)
  4 rats
58 creatures vanquished.

Notes
Turn   | Place    | Note
-------+----------+-------------------------------------------
     0 | D:1      | Mrkan the Naga Assassin began the quest for the Orb.
     0 | D:1      | Reached XP level 1. HP: 19/19 MP: 1/1
    75 | D:1      | Reached skill level 6 in Stealth
   117 | D:1      | Reached XP level 2. HP: 3/27 MP: 2/2
   593 | D:2      | Reached XP level 3. HP: 25/33 MP: 3/3
   608 | D:2      | Noticed a +0 dagger
   609 | D:2      | Noticed a +0 hand axe
   611 | D:2      | Found a hide-covered altar of Uskayaw.
   705 | D:2      | Noticed Jessica
   716 | D:2      | Killed Jessica
   716 | D:2      | Reached skill level 7 in Stealth
   716 | D:2      | Reached XP level 4. HP: 8/42 MP: 4/4
  1537 | D:3      | Reached XP level 5. HP: 36/50 MP: 5/5
  1778 | D:3      | Reached skill level 8 in Stealth
  2420 | D:3      | HP: 2/51 [poisoned by a scorpion]
  2426 | D:3      | Succumbed to a scorpion's poison

Skill      XL: |  1  2  3  4  5 |
---------------+----------------+-----
Stealth        | 6 7 8 |  8.6
Fighting       | 3 4 |  4.3
Short Blades   | |  2.0
Throwing       | |  1.7
Dodging        | |  0.7

Action                   |  1- 3 |  4- 6 || total
-------------------------+-------+-------++-------
Melee: Dagger            |    54 |   147 ||   201
 Abil: Spit Poison       |       |     3 ||     3
  Use: Potion            |       |     4 ||     4
 Stab: Sleeping          |     7 |     6 ||    13
  Eat: Chunk             |       |     3 ||     3
Armor: Robe              |     8 |    42 ||    50
Dodge: Dodged            |    20 |    83 ||   103
